General information
- name: BNet
- type: Ladder 1vs1/FFA
- host: Battle.net
- saver: ipo
map: CentaurGrove
- players: 2
- length: 123:48
- speed: Fast
- version: 1.26 W3XP
- replay type: Public
» download(276 KB)
Players
team 1 (loser)
dracovin (
orange | 9 APM | 1170 actions | 123:45)
4 Blademaster
2 Mirror Image
1 Critical Strike
1 Wind Walk
2 Far Seer
1 Chain Lighting
1 Far Sight
1 Shadow Hunter
1 Hex
» actions
| Basic commands | 2 | |
| Build / train | 135 | |
| Enter build submenu | 44 | |
| Enter hero's abilities submenu | 9 | |
| Give item / drop item | 1 | |
| Remove unit from queue | 3 | |
| Right click | 417 | |
| Select / deselect | 472 | |
| Use ability | 86 | |
1170 total
» units
| Peon | 27 | |
| Grunt | 40 | |
| Demolisher | 14 | |
| Troll Headhunter/Berserker | 6 | |
| Wind Rider | 5 | |
| Raider | 1 | |
| Tauren | 2 | |
| Shaman | 1 | |
| Spirit Walker | 2 | |
| Troll Witch Doctor | 2 | |
100 total
» upgrades
| Pillage | 1 | |
| Berserker Strength | 1 | |
| Melee Weapons | 1 | |
| Armor | 1 | |
| Ranged Weapons | 1 | |
| Spiked Barricades | 1 | |
| Reinforced Defenses | 1 | |
| Burning Oil | 1 | |
| Berserker Upgrade | 1 | |
| Envenomed Spears | 1 | |
| Shaman Training | 2 | |
| Spirit Walker Training | 2 | |
| Pulverize | 1 | |
| Witch Doctor Training | 2 | |
| Liquid Fire | 0 | |
| War Drums Damage Increase | 0 | |
17 total
» buildings
| Altar of Storms | 1 | |
| Orc Burrow | 7 | |
| Barracks | 2 | |
| War Mill | 1 | |
| Watch Tower | 15 | |
| Stronghold | 1 | |
| Voodoo Lounge | 1 | |
| Fortress | 1 | |
| Beastiary | 2 | |
| Tauren Totem | 1 | |
| Spirit Lodge | 1 | |
| Great Hall | 4 | |
37 total
» build order
00:12 Altar of Storms
01:08 Orc Burrow
01:26 Barracks
02:05 Orc Burrow
03:04 War Mill
03:27 Orc Burrow
04:25 Watch Tower
04:35 Orc Burrow
04:45 Stronghold
05:52 Watch Tower
06:31 Voodoo Lounge
09:15 Fortress
10:54 Watch Tower
11:03 Beastiary
12:06 Tauren Totem
13:09 Orc Burrow
18:57 Watch Tower
20:18 Spirit Lodge
20:54 Orc Burrow
31:12 Orc Burrow
40:37 Watch Tower
42:17 Watch Tower
43:35 Beastiary
45:15 Watch Tower
46:56 Watch Tower
51:42 Watch Tower
58:44 Great Hall
63:51 Great Hall
65:48 Great Hall
72:46 Barracks
74:00 Watch Tower
74:08 Watch Tower
75:18 Watch Tower
75:28 Watch Tower
75:38 Watch Tower
77:20 Watch Tower
83:29 Great Hall
» items
| Orb of Lightning | 1 | |
| Tiny Great Hall | 1 | |
| Scroll of Speed | 1 | |
3 total
team 2 (winner)
ipo (
yellow | 42 APM | 5254 actions | 123:48)
7 Archmage
3 Blizzard
3 Brilliance Aura
1 Mass Teleport
6 Blood Mage
3 Flame Strike
2 Siphon Mana
1 Summon Phoenix
7 Goblin Alchemist
3 Acid Bomb
3 Chemical Rage
1 Transmute
» actions
| Assign group hotkey | 89 | |
| Basic commands | 275 | |
| Build / train | 212 | |
| ESC pressed | 7 | |
| Enter build submenu | 90 | |
| Enter hero's abilities submenu | 20 | |
| Give item / drop item | 29 | |
| Right click | 1717 | |
| Select / deselect | 1412 | |
| Select group hotkey | 590 | |
| Use ability | 813 | |
5254 total
» units
| Peasant | 21 | |
| Footman | 8 | |
| Goblin Shredder | 2 | |
| Goblin Zeppelin | 8 | |
| Razormane Medicine Man | 1 | |
| Sorceress | 4 | |
| Priest | 1 | |
| Mortar Team | 2 | |
| Dragonhawk Rider | 11 | |
| Flying Machine | 13 | |
| Siege Engine | 13 | |
84 total
» upgrades
| Defend | 1 | |
| Masonry | 3 | |
| Sorceress Training | 2 | |
| Magic Sentry | 1 | |
| Swords | 3 | |
| Armor | 3 | |
| Animal War Training | 1 | |
| Priest Training | 2 | |
| Gunpowder | 3 | |
| Plating | 3 | |
| Lumber Harvesting | 1 | |
| Cloud | 1 | |
| Storm Hammers | 1 | |
| Fragmentation Shards | 1 | |
| Flare | 1 | |
| Flak Cannons | 1 | |
| Barrage | 1 | |
| Flying Machine Bombs | 1 | |
30 total
» buildings
| Barracks | 1 | |
| Altar of Kings | 1 | |
| Farm | 24 | |
| Scout Tower | 79 | |
| Arcane Vault | 4 | |
| Lumber Mill | 3 | |
| Arcane Tower | 11 | |
| Town Hall | 6 | |
| Guard Tower | 26 | |
| Keep | 5 | |
| Blacksmith | 4 | |
| Castle | 2 | |
| Arcane Sanctum | 4 | |
| Gryphon Aviary | 7 | |
| Workshop | 2 | |
179 total
» build order
00:08 Barracks
00:22 Altar of Kings
00:45 Farm
01:03 Farm
01:51 Farm
02:20 Scout Tower
03:00 Arcane Vault
03:04 Lumber Mill
03:07 Arcane Tower
04:36 Town Hall
04:51 Scout Tower
04:52 Scout Tower
05:01 Scout Tower
05:18 Arcane Tower
05:20 Guard Tower
06:11 Guard Tower
06:14 Scout Tower
06:25 Scout Tower
06:25 Scout Tower
06:30 Scout Tower
06:32 Scout Tower
06:37 Scout Tower
07:28 Guard Tower
07:29 Scout Tower
07:34 Guard Tower
07:57 Keep
07:58 Keep
07:58 Keep
08:00 Guard Tower
08:24 Guard Tower
08:26 Scout Tower
08:29 Scout Tower
09:24 Arcane Tower
09:25 Guard Tower
09:28 Scout Tower
09:31 Arcane Vault
09:35 Blacksmith
09:35 Blacksmith
10:18 Farm
10:20 Castle
10:28 Farm
11:01 Arcane Tower
11:03 Farm
12:48 Arcane Sanctum
12:52 Arcane Sanctum
15:59 Town Hall
16:02 Scout Tower
16:03 Scout Tower
16:04 Scout Tower
16:04 Scout Tower
16:05 Scout Tower
16:06 Scout Tower
16:06 Scout Tower
16:07 Scout Tower
16:53 Guard Tower
18:13 Arcane Tower
18:14 Guard Tower
23:13 Town Hall
23:17 Scout Tower
23:17 Scout Tower
23:18 Scout Tower
23:18 Scout Tower
23:19 Scout Tower
23:19 Scout Tower
23:20 Scout Tower
23:20 Scout Tower
23:51 Arcane Tower
23:52 Guard Tower
24:09 Guard Tower
26:06 Guard Tower
26:28 Arcane Vault
28:00 Town Hall
28:03 Scout Tower
28:03 Scout Tower
28:04 Scout Tower
28:05 Scout Tower
28:05 Scout Tower
28:06 Scout Tower
29:32 Arcane Tower
29:35 Guard Tower
29:39 Scout Tower
29:40 Scout Tower
29:43 Scout Tower
30:57 Arcane Tower
30:58 Guard Tower
31:08 Gryphon Aviary
31:09 Gryphon Aviary
31:11 Gryphon Aviary
34:20 Workshop
39:15 Town Hall
39:18 Scout Tower
39:20 Scout Tower
39:21 Scout Tower
39:22 Scout Tower
39:23 Scout Tower
39:23 Scout Tower
39:24 Scout Tower
39:24 Scout Tower
39:54 Arcane Tower
39:54 Arcane Tower
39:57 Guard Tower
39:57 Guard Tower
39:58 Arcane Tower
41:14 Guard Tower
58:40 Town Hall
60:22 Scout Tower
60:23 Scout Tower
60:24 Scout Tower
60:25 Scout Tower
60:26 Scout Tower
60:27 Scout Tower
60:28 Scout Tower
60:29 Scout Tower
61:02 Guard Tower
61:06 Scout Tower
62:40 Scout Tower
62:41 Scout Tower
62:42 Scout Tower
62:43 Scout Tower
63:11 Guard Tower
63:13 Guard Tower
63:16 Scout Tower
63:17 Scout Tower
63:19 Scout Tower
63:20 Scout Tower
63:21 Scout Tower
63:22 Scout Tower
63:45 Scout Tower
63:46 Scout Tower
63:47 Scout Tower
63:48 Scout Tower
63:49 Scout Tower
63:57 Guard Tower
64:01 Scout Tower
64:02 Scout Tower
64:02 Scout Tower
64:03 Scout Tower
64:04 Scout Tower
64:04 Scout Tower
64:31 Keep
64:44 Arcane Vault
64:45 Guard Tower
65:17 Guard Tower
65:24 Scout Tower
65:30 Scout Tower
65:32 Guard Tower
65:55 Guard Tower
66:58 Castle
66:59 Guard Tower
72:30 Farm
72:31 Farm
72:32 Farm
72:33 Farm
72:35 Farm
72:37 Farm
72:38 Farm
74:14 Farm
74:15 Farm
74:16 Farm
74:17 Farm
74:18 Farm
74:23 Farm
74:26 Farm
74:26 Farm
74:27 Farm
74:31 Farm
74:32 Farm
75:26 Gryphon Aviary
75:31 Gryphon Aviary
77:38 Lumber Mill
77:41 Blacksmith
77:45 Blacksmith
80:18 Gryphon Aviary
80:23 Gryphon Aviary
81:33 Workshop
93:44 Lumber Mill
109:29 Arcane Sanctum
109:50 Arcane Sanctum
» items
| Scroll of Regeneration | 4 | |
| Dust of Appearance | 1 | |
| Lesser Clarity Potion | 1 | |
| Scroll of Town Portal | 3 | |
| Periapt of Vitality | 3 | |
| Boots of Speed | 3 | |
| Potion of Lesser Invulnerability | 3 | |
| Staff of Teleportation | 3 | |
| Staff of Sanctuary | 3 | |
| Mechanical Critter | 6 | |
30 total
Chat log
(16:39 / All) ipo: worth it?
(17:18 / All) ipo: ok your attack move failed
(17:22 / All) ipo: this is where you leave
(22:07 / All) ipo: youre really gonna try to siege?
(22:14 / All) ipo: come on
(22:21 / All) ipo: you know youre gonna leave when those demolisher die
(22:52 / All) dracovin: sorry but i wont leave so easy
(22:54 / All) ipo: lol
(23:01 / All) ipo: they always say that
(23:55 / All) ipo: you gonna attack?
(24:11 / All) ipo: my main is out of gold
(24:34 / All) ipo: you should probably attack an expansion
(24:43 / All) ipo: i didnt even upgrade my main
(25:01 / All) ipo: you have a blademaster...you DO know where my expansion are right?
(25:20 / All) ipo: nope not that way
(25:35 / All) ipo: warmer...
(25:49 / All) ipo: not the creeps
(25:54 / All) ipo: lololol
(26:00 / All) ipo: siege over.
(26:13 / All) ipo: that was quick
(27:41 / All) ipo: your guy died.
(30:36 / All) ipo: too late its mine:D
(30:52 / All) ipo: feel free to expand there because YOU WONT LEAVE :)
(31:34 / All) ipo: there ya go
(32:23 / All) ipo: your town hall is too far from the gold mine
(33:16 / All) ipo: your guy died again.
(33:50 / All) ipo: didnt you forget your blademaster?
(35:33 / All) ipo: youre supposed to use your siege units
(35:37 / All) ipo: christ youre awful
(35:45 / All) ipo: leave
(36:34 / All) ipo: you left those demolishers
(36:38 / All) ipo: while you suicided your hero?
(36:46 / All) ipo: this is like wc3 special olympics
(40:52 / All) ipo: dude
(40:57 / All) ipo: put 2 more peons on gold
(53:45 / All) ipo: bout time you did something
(53:55 / All) ipo: been afk forever
(54:18 / All) ipo: youre still suiciding your units
(54:27 / All) ipo: stupidly
(54:40 / All) ipo: now you gonna leave?
(56:44 / All) ipo: yawn
(57:17 / All) ipo: why are you still here
(57:29 / All) ipo: lol
(57:35 / All) ipo: whoop never mind
(57:42 / All) ipo: you know dropping counts as leaving
(59:46 / All) ipo: no tiny great hall?
(64:16 / All) ipo: hey
(64:21 / All) ipo: i didnt say you could have more than one mine
(65:05 / All) ipo: pfft
(66:19 / All) ipo: hey
(66:21 / All) ipo: hey
(66:24 / All) ipo: your gold mine has collapsed
(72:07 / All) ipo: you should tower that
(73:17 / All) ipo: seriously
(73:24 / All) ipo: tower your expo
(74:42 / All) ipo: ya speak english?
(74:56 / All) ipo: if i keep walking right past your towers
(75:02 / All) ipo: doesnt it make sense to build them closer?
(76:15 / All) ipo: :)
(80:05 / All) ipo: ez
(80:56 / All) ipo: can you make some more grunts plz
(82:25 / All) ipo: not many fishes...
(82:27 / All) ipo: left in the sea...
(82:32 / All) ipo: not many fishes
(82:36 / All) ipo: just dracovin and me
(85:58 / All) ipo: cant catch me :D
(87:03 / All) ipo: yawnn
(97:01 / All) ipo: ANTI WALKER ASSASSINATION SQUAD
(98:48 / All) ipo: nooo not my lumber mill
(99:36 / All) ipo: FATALITY
(100:09 / All) ipo: hey you left a tome
(100:11 / All) ipo: why would you do that?
(101:28 / All) ipo: you gonna leave man?
(101:35 / All) dracovin: no
(101:38 / All) ipo: lol
(101:40 / All) ipo: up to u ;)
(103:40 / All) ipo: finally a witch doctor
(103:54 / All) ipo: first smart thing you did since the game started
(104:08 / All) ipo: not that youre using it right
(105:31 / All) ipo: you STILL dont have boots on your blademaster?
(106:33 / All) ipo: what's your plan to win?
(107:27 / All) ipo: arent you going to expand and take another mine?
(107:32 / All) ipo: i can end this any time i want
(108:21 / All) ipo: 2ez
(111:48 / All) ipo: wanna see a neat trick?
(111:59 / All) dracovin: k
(112:07 / All) ipo: ok but just once :)
(112:41 / All) ipo: thanks for not bringing a tp scroll
(113:03 / All) ipo: run run run
(115:15 / All) ipo: just takes 3 little keystrokes and its all over
(115:17 / All) ipo: alt-q-q
(120:04 / All) ipo: lol youre actually there
(120:07 / All) ipo: and still being that useless?
(120:41 / All) ipo: wow
(120:52 / All) ipo: this is like circus level stupidity
(121:16 / All) ipo: why do you stay
(121:23 / All) ipo: i can win any time i want, clearly
(121:42 / All) ipo: and you keep making...grunts
(121:48 / All) ipo: what possible purpose